 Dungeon Crawl Stone Soup version 0.31.0-32-g396128a36d (webtiles) character file.

Game seed: 1038419865713430845

12328 ChadusMaximus the Convoker (level 11, -15/78 HPs)
             Began as a Barachi Summoner on Mar 8, 2024.
             Was an Elder of Hepliaklqana.
             Shot with an arrow by Nessos (25 damage)
             ... on level 12 of the Dungeon.
             The game lasted 00:24:10 (14434 turns).

ChadusMaximus the Convoker (Barachi Summoner)      Turns: 14434, Time: 00:24:11

Health: -15/78     AC:  9    Str: 14    XL:     11   Next: 91%
Magic:  23/25      EV: 19    Int: 18    God:    Hepliaklqana [****..]
Gold:   442        SH:  0    Dex: 13    Spells: 17/31 levels left

rFire   + . .        Q - +5 halberd
rCold   . . .        (shield currently unavailable)
rNeg    + + .        d - +2 leather armour {rN+}
rPois   .            A - +0 helmet
rElec   .            (no cloak)
rCorr   .            (no gloves)
SInv    +            a - +2 pair of boots {Stlth+}
Will    .....        (no amulet)
Stlth   +++          t - ring of positive energy
HPRegen 0.33/turn    u - ring "Fiatreh" {rF+ EV+5 Str+5 Int-2 SInv}
MPRegen 0.19/turn

%: no passive effects
@: lethally poisoned (-15 -> -31), unable to hop, slow
A: reduced essence, amphibious, slowness 1, strong legs 1, +LOS
a: Hop, Renounce Religion, Recall Ancestor, Ancestor Identity, Transference,
Idealise


You were on level 12 of the Dungeon.
You worshipped Hepliaklqana.
Hepliaklqana was greatly pleased with you.
You visited 2 branches of the dungeon, and saw 13 of its levels.
You also visited: Ossuary.

You collected 861 gold pieces.
You spent 419 gold pieces at shops.

Inventory:

Hand Weapons
 c - a +0 whip
 B - a +2 heavy flail
 F - the +5 whip of Duing {drain, Dex+7}
   (You found it on level 6 of the Dungeon)

   Dex+7:     It affects your dexterity (+7).
 Q - a +5 halberd (weapon)
Missiles
 z - 4 throwing nets
Armour
 a - a +2 pair of boots of stealth (worn)
 d - a +2 leather armour of positive energy (worn)
 A - a +0 helmet (worn)
Jewellery
 r - a ring of flight
 t - a ring of positive energy (left hand)
 u - the ring "Fiatreh" (right hand) {rF+ EV+5 Str+5 Int-2 SInv}
   (You found it on level 4 of the Dungeon)

   [ring of evasion]

   EV+5:      It affects your evasion (+5).
   Str+5:     It affects your strength (+5).
   Int-2:     It affects your intelligence (-2).
   rF+:       It protects you from fire.
   SInv:      It lets you see invisible.
 C - a ring of see invisible
 E - a +6 ring of dexterity
 N - a ring of fire
 R - a +5 ring of evasion
 T - a +4 ring of protection
Wands
 v - a wand of quicksilver (2)
 H - a wand of iceblast (15)
 I - a wand of flame (30)
Scrolls
 e - 9 scrolls of teleportation
 g - 2 scrolls of amnesia
 j - 3 scrolls of vulnerability {unknown}
 m - a scroll of enchant weapon {unknown}
 n - 2 scrolls of brand weapon {unknown}
 p - 2 scrolls of noise {unknown}
 x - a scroll of fog
 y - 4 scrolls of poison {unknown}
 D - a scroll of enchant armour
 K - 2 scrolls of immolation
 L - a scroll of silence
 O - a scroll of butterflies
Potions
 b - 2 potions of magic
 f - 2 potions of heal wounds
 h - a potion of cancellation {unknown}
 i - 3 potions of lignification
 k - a potion of invisibility {unknown}
 l - 9 potions of curing
 o - 4 potions of attraction {unknown}
 q - a potion of might {unknown}
 s - 2 potions of enlightenment {unknown}
 w - 6 potions of mutation {unknown}
 G - a potion of ambrosia {unknown}
 J - 3 potions of haste {unknown}
Miscellaneous
 P - a tin of tremorstones (2/2)


   Skills:
 * Level 8.9 Fighting
 + Level 6.1 Dodging
 - Level 1.7 Stealth
 + Level 10.7 Spellcasting
 - Level 15.5 Summonings


You had 17 spell levels left.
You knew the following spells:

 Your Spells              Type           Power      Damage    Failure   Level
a - Summon Small Mammal   Summ           100%       N/A       0%          1
b - Call Canine Familiar  Summ           60%        N/A       1%          3
c - Call Imp              Summ           100%       N/A       1%          2
d - Summon Lightning Spi  Summ/Air       37%        N/A       3%          4
e - Summon Blazeheart Go  Fire/Summ      37%        N/A       3%          4

Your spell library contained the following spells:

 Spells                   Type           Power      Damage    Failure   Level
 Summon Ice Beast         Ice/Summ       37%        N/A       1%          3
 Magic Dart               Conj           36%        1d4       10%         1
 Shock                    Conj/Air       36%        1d5       10%         1
 Summon Mana Viper        Hex/Summ       37%        N/A       11%         5
 Blink                    Tloc           18%        N/A       14%         2
 Lesser Beckoning         Tloc           18%        N/A       14%         2
 Momentum Strike          Conj/Tloc      18%        3d8       14%         2
 Searing Ray              Conj           18%        2d5       14%         2
 Monstrous Menagerie      Summ           30%        N/A       14%         7
 Swiftness                Air            9%         N/A       28%         3
 Airstrike                Air            4%         2d(1-17)  67%         4
 Animate Dead             Necr           9%         N/A       67%         4
 Fulminant Prism          Conj/Alch      4%         3d5       67%         4
 Summon Horrible Things   Summ           30%        N/A       71%         8
 Borgnjor's Vile Clutch   Necr/Erth      4%         N/A       95%         5
 Malign Gateway           Summ/Tloc      18%        N/A       97%         7
 Death Channel            Necr           4%         N/A       100%        6


Dungeon Overview and Level Annotations

Branches:
Dungeon (12/15)            Temple (1/1) D:4            Lair (0/5) D:8
    Orc (0/2) D:9         Ossuary (visited)

Altars:
Ashenzari
Cheibriados
Dithmenos
Elyvilon
Fedhas
Gozag
Hepliaklqana
Kikubaaqudgha
Makhleb
Nemelex Xobeh
Okawaru
Qazlal
Ru
Sif Muna
Trog
Uskayaw
Vehumet
Wu Jian
Xom
Yredelemnul
Zin
The Shining One

Shops:
D:5 *   D:6 *   D:8 [

Annotations:
D:12 Nessos


Innate Abilities, Weirdness & Mutations

Your life essence is reduced to manifest your ancestor. (-10% HP)
You are amphibious.
You cover ground slowly.
You can hop short distances.
You have an extended range of vision and can be seen from far away.


Message History

Confirm with . or Enter, or press ? or * to list all spells.
An electric hum fills the air.
Nessos shoots an arrow.
The arrow hits Bolek!
The arrow burns Bolek.
Bolek is destroyed!
Nessos shoots an arrow.
The arrow hits you!
* * * LOW HITPOINT WARNING * * *
The arrow burns you.
You are poisoned.
* * * LOW HITPOINT WARNING * * *
Nessos mumbles some strange words.
Nessos blinks!
You feel much better.
You feel very sick.
You feel sick.
Nessos zaps a wand.
The mass of ice explodes!
The iceblast engulfs you.
* * * LOW HITPOINT WARNING * * *
Nessos shoots an arrow.
The arrow closely misses you.
Nessos zaps a wand.
The mass of ice explodes!
The iceblast engulfs you!
* * * LOW HITPOINT WARNING * * *
Blink to where?
Press: ? - help, Dir - move target
As you read the scroll of blinking, it crumbles to dust.
You feel sick.
As you read the scroll of fog, it dissolves into smoke.
You feel sick.
You feel sick.
You feel much better.
You feel sick.
You feel sick.
You are no longer poisoned.
Nessos is nearby!
Nessos shoots an arrow.
The arrow hits you!
* * * LOW HITPOINT WARNING * * *
You are lethally poisoned!
Nessos casts a spell.
Nessos blinks!
* * * LOW HITPOINT WARNING * * *
You feel very sick.
Nessos shoots an arrow.
The arrow closely misses you.
Nessos shoots an arrow.
The arrow hits you!!
You die...

....# ............'...... ....#
.....####..##...... ....###
####.##.# ##..........
..c...#+####....##.. #....#####..
................# #.##...######..
...8.........§..# #..............
..#.........§§§§# ##..#..######..
#.#...c.....§§§§#####.#..######..
#.#.........§§§§@....c........#..
#.#..........§§§##.##.#..######..
#.#..........§#§##.##.#..# #..
..............#..........# #..
....#######....###.##.#..# #..
#.#. #....# #.##.#..# #.. ....
#....###.......# ### ..#
#.....#####)#.#######
###.................#


You could see Nessos (fast).

Vanquished Creatures
  Harold (D:10)
  A boulder beetle (D:11)
  A troll (D:11)
  A vampire (D:11)
  6 yaks
  A wraith (D:10)
  Eustachio (D:6)
  An orc warrior (D:9)
  A phantom (D:6)
  A scorpion (D:5)
  2 crimson imps (D:5)
  A hound (D:5)
  An iguana (D:5)
  An orc wizard (D:9)
  3 hound zombies (Ossuary)
  An adder (D:6)
  A shadow imp (D:8)
  A white imp (D:5)
  3 dart slugs
  7 orcs
  3 ball pythons
  2 bats
  4 endoplasms
  A giant cockroach (D:2)
  2 goblins
  4 hobgoblins
  A quokka (D:5)
  A frilled lizard (D:2)
  3 kobolds
  5 rats
62 creatures vanquished.

Vanquished Creatures (collateral kills)
  The ghost of SonOfAdam the Trooper, a novice DjCj of Makhleb (D:7)
  A cyclops (D:11)
  Joseph (D:7)
  Maggie (D:6)
  A troll (D:8)
  A hornet (D:9)
  Grinder (D:3)
  A wyvern (D:8)
  20 yaks
  A steam dragon (D:7)
  Menkaure (D:7)
  An acid dragon (D:11)
  A swamp drake (D:9)
  2 ice beasts
  An orc warrior (D:9)
  A sky beast (D:7)
  2 black bears
  2 ogres
  3 centaurs
  2 wolves (D:8)
  A phantom (D:6)
  2 kobold brigands (D:9)
  2 elf zombies (Ossuary)
  A scorpion (D:4)
  3 bullfrogs
  A gnoll sergeant (D:9)
  3 wights (D:9)
  A water moccasin zombie (D:3)
  2 electric eels (D:8)
  2 crimson imps (D:5)
  3 howler monkeys
  2 bombardier beetles
  A centaur zombie (Ossuary)
  4 human zombies (Ossuary)
  3 jellies
  6 hounds
  A gnoll bouda (D:9)
  5 orc priests
  2 sleepcaps
  2 iguanas (D:7)
  7 orc wizards
  2 hound zombies (Ossuary)
  2 mummies (Ossuary)
  4 adders
  8 gnolls (D:9)
  2 ufetubi (D:7)
  4 adder zombies
  A ribbon worm (D:2)
  A dart slug (D:4)
  38 orcs
  3 bats
  3 endoplasms
  A giant cockroach (D:2)
  3 gnoll zombies (Ossuary)
  A goblin (D:4)
  2 hobgoblins (D:3)
  6 jackals
  3 quokkas
  A ball python (D:3)
  7 jackal zombies (Ossuary)
  16 kobolds
  4 kobold zombies (Ossuary)
  8 orc zombies (Ossuary)
  A quokka zombie (D:3)
  3 rats
223 creatures vanquished.

Vanquished Creatures (others)
  4 knights
  2 ancestors (D:5)
  5 blazeheart cores
11 creatures vanquished.

Grand Total: 296 creatures vanquished

Notes
Turn   | Place    | Note
-------+----------+-------------------------------------------
     0 | D:1      | ChadusMaximus the Barachi Summoner began the quest for the
                  | Orb.
     0 | D:1      | Reached XP level 1. HP: 13/13 MP: 3/3
    77 | D:1      | Reached skill level 5 in Summonings
   106 | D:1      | Reached XP level 2. HP: 16/19 MP: 3/5
   950 | D:1      | Found a faded altar of an unknown god.
  1148 | D:1      | Reached XP level 3. HP: 24/24 MP: 7/7
  1152 | D:1      | Learned a level 3 spell: Call Canine Familiar
  1155 | D:1      | Learned a level 2 spell: Call Imp
  2235 | D:2      | Reached skill level 6 in Summonings
  2591 | D:2      | Reached XP level 4. HP: 26/30 MP: 8/8
  2790 | D:3      | Reached XP level 5. HP: 15/35 MP: 2/10
  2922 | D:3      | Found a basalt altar of Yredelemnul.
  3166 | D:3      | Noticed a black bear
  3166 | D:3      | Noticed Grinder
  3176 | D:3      | Killed a black bear
  3177 | D:3      | Reached skill level 7 in Summonings
  3177 | D:3      | Reached XP level 6. HP: 34/41 MP: 5/12
  3196 | D:3      | Killed Grinder
  3197 | D:3      | Reached skill level 8 in Summonings
  3571 | D:3      | Reached XP level 7. HP: 46/46 MP: 13/13
  4075 | D:4      | Reached skill level 9 in Summonings
  4079 | D:4      | Identified the ring "Fiatreh" {rF+ EV+5 Str+5 Int-2 SInv}
  4096 | D:4      | Found a staircase to the Ecumenical Temple.
  4109 | Temple   | Entered the Ecumenical Temple
  4124 | Temple   | Became a worshipper of Hepliaklqana the Forgotten
  4237 | D:4      | Found a sand-covered staircase.
  4329 | Ossuary  | Entered an ossuary
  4349 | Ossuary  | Reached skill level 5 in Spellcasting
  4570 | Ossuary  | Reached XP level 8. HP: 12/52 MP: 1/16
  4575 | Ossuary  | Reached skill level 10 in Summonings
  5272 | D:5      | Entered Level 5 of the Dungeon
  5272 | D:5      | Found Caceux's General Store.
  5372 | D:5      | Bought a scroll of identify for 30 gold pieces
  5372 | D:5      | Bought a +0 helmet for 67 gold pieces
  5443 | D:5      | Reached * piety under Hepliaklqana
  5758 | D:5      | Found a broken altar of Ashenzari.
  5944 | D:5      | Reached skill level 11 in Summonings
  5976 | D:5      | Found a shimmering altar of Xom.
  6366 | D:6      | Found an opulent altar of Gozag.
  6371 | D:6      | Found Gozag's Platinum Reserve.
  6380 | D:6      | Noticed Maggie
  6384 | D:6      | Reached XP level 9. HP: 48/51 MP: 14/19
  6391 | D:6      | Learned a level 4 spell: Summon Lightning Spire
  6393 | D:6      | Reached skill level 12 in Summonings
  6528 | D:6      | Identified the +5 whip of Duing {drain, Dex+7}
  6949 | D:6      | Found a stormy altar of Qazlal.
  6951 | D:6      | Found a radiant altar of Vehumet.
  6953 | D:6      | Found a glowing silver altar of Zin.
  7218 | D:6      | Noticed Eustachio
  7230 | D:6      | Killed Eustachio
  7443 | D:6      | Killed Maggie
  7521 | D:6      | Reached ** piety under Hepliaklqana
  7522 | D:6      | Remembered your ancestor Bolek as a knight
  7610 | D:7      | Reached skill level 13 in Summonings
  7909 | D:7      | Found a runed translucent door.
  7909 | D:7      | Noticed SonOfAdam's ghost (novice DjCj)
  8074 | D:7      | Noticed Menkaure
  8081 | D:7      | Killed Menkaure
  8376 | D:7      | Noticed Joseph
  8641 | D:7      | Reached skill level 14 in Summonings
  8641 | D:7      | Reached XP level 10. HP: 40/56 MP: 10/22
  8802 | D:7      | Killed Joseph
  9043 | D:7      | Killed SonOfAdam's ghost
  9320 | D:8      | Found Veku's Armour Shop.
  9326 | D:8      | Bought a +2 pair of boots of stealth for 322 gold pieces
  9376 | D:8      | Reached skill level 15 in Summonings
  9930 | D:8      | Found a staircase to the Lair.
 10206 | D:8      | Learned a level 4 spell: Summon Blazeheart Golem
 10240 | D:8      | Reached *** piety under Hepliaklqana
 10643 | D:9      | Reached skill level 1 in Fighting
 10761 | D:9      | Reached XP level 11. HP: 69/69 MP: 9/24
 10878 | D:9      | Found a staircase to the Orcish Mines.
 10894 | D:9      | Reached skill level 5 in Fighting
 11518 | D:9      | Reached skill level 10 in Spellcasting
 11697 | D:10     | Entered Level 10 of the Dungeon
 11909 | D:10     | Reached **** piety under Hepliaklqana
 11981 | D:10     | Noticed Harold
 12009 | D:10     | Killed Harold
 12301 | D:10     | Identified the +4 short sword "Luimuss" {heavy, Str+2}
 12362 | D:10     | Reached skill level 5 in Dodging
 13278 | D:11     | Noticed a cyclops
 13284 | D:11     | Killed a cyclops
 13355 | D:11     | Found a glowing golden altar of the Shining One.
 13437 | D:11     | Noticed a boulder beetle
 13447 | D:11     | Killed a boulder beetle
 14419 | D:12     | Noticed Nessos
 14434 | D:12     | Shot with an arrow by Nessos

Illustrated notes

Levels and vault maps discovered:
D:1:      shiori_arrival_elements, layout_basic,
          shapermc_ecumenical_altar_hornbeckon
D:2:      layout_basic, wander_ebering_terrifying_dragon_lair
D:3:      layout_loops_corners, nicolae_yredelemnul_corpse_copse,
          minmay_box_of_dots, uniq_grinder
D:4:      layout_basic, minmay_temple_entry_trees,
          nicolae_ossuary_entry_false_entrances
D:5:      layout_rooms, cheibrodos_ashenzari_chains, led_xom_imps, serial_shops,
          nicolae_diamond_shop
D:6:      layout_gridville, minitemple, nicolae_gozag_zags_fifth_avenue,
          uniq_eustachio, uniq_maggie
D:7:      layout_cave_pods, hellmonk_ghost_happy_afterlife, uniq_joseph,
          uniq_menkaure
D:8:      layout_basic, erik_lair_island, serial_shops, shop
D:9:      layout_irregular_city, erik_orc_1, minmay_holes
D:10:     layout_loops_corners, serial_glass, glass_columns_a, glass_columns_a,
          glass_columns_c, glass_columns_c, item_on_display_b, feat_on_display,
          uniq_harold
D:11:     layout_layer_cave, nicolae_tso_carved_into_rock
D:12:     layout_basic, minmay_stone_trees_small, uniq_nessos, uniq_nergalle
Temple:   hellmonk_temple_of_storms

Skill      XL: |  1  2  3  4  5  6  7  8  9 10 11 |
---------------+----------------------------------+-----
Summonings     | 5 6 7 8 9 11 14 15 | 15.5
Spellcasting   | 3 4 5 6 8 9 10 | 10.7
Fighting       | 4 8 |  8.9
Dodging        | 3 6 |  6.1
Stealth        | |  1.7

Action                     |  1- 3 |  4- 6 |  7- 9 | 10-12 || total
---------------------------+-------+-------+-------+-------++-------
  Melee: Whip              |    95 |    34 |    93 |    20 ||   242
         Unarmed           |     6 |       |       |       ||     6
         Punch             |     2 |       |     2 |       ||     4
         Flail             |       |       |    40 |       ||    40
         Halberd           |       |       |       |    17 ||    17
   Cast: Summon Small Mamm |    28 |     7 |    34 |     8 ||    77
         Call Canine Famil |     8 |    10 |    33 |    18 ||    69
         Call Imp          |     5 |     6 |    38 |    25 ||    74
         Summon Lightning  |       |       |    14 |    37 ||    51
         Summon Blazeheart |       |       |       |    13 ||    13
 Invoke: Ancestor Life: Kn |       |       |     1 |       ||     1
         Recall Ancestor   |       |       |       |     1 ||     1
Ability: Hop               |     1 |     2 |     5 |     2 ||    10
    Use: Potion            |       |       |     2 |     3 ||     5
         Scroll            |       |       |       |    13 ||    13
   Stab: Sleeping          |     4 |     2 |     4 |       ||    10
         Distracted        |     1 |       |       |     2 ||     3
 Armour: Robe              |    82 |    43 |   111 |       ||   236
         Skin              |       |       |     9 |       ||     9
         Leather armour    |       |       |    17 |    53 ||    70
  Dodge: Dodged            |   104 |    35 |   196 |    84 ||   419
